 Dungeon Sprint DCSS version 0.20-a0-121-g18cc4de (console) character file.

2664 Blackmore the Eclecticist (level 9, 0/45 HPs)
             Began as a Deep Elf Ice Elementalist on Nov 21, 2016.
             Was a High Priest of Sif Muna.
             Slain by an unseen horror (6 damage)
             ... in the Dungeon (Sprint III: "The Ten Rune Challenge").
             The game lasted 00:15:46 (1733 turns).

Blackmore the Eclecticist (DEIE)                    Turns: 1733, Time: 00:15:46

Health: 0/45       AC:  4    Str:  5    XL:     9   Next: 36%
Magic:  23/32      EV: 15    Int: 24    God:    Sif Muna [*****.]
Gold:   4529       SH:  0    Dex: 15    Spells: 8/42 levels left

rFire  . . .     SeeInvis .     k - +0 dagger
rCold  . . .     Gourm    .     z - +2 robe {Archmagi}
rNeg   . . .     Faith    .     (no shield)
rPois  .         Spirit   .     m - +1 hat
rElec  .         Reflect  .     (no cloak)
rCorr  .         Harm     .     (no gloves)
MR     .....     NoTele   +     (no boots)
Stlth  +++.......               (no amulet)
                                (no ring)
                                (no ring)

@: very slightly contaminated, hasted, no casting, very quick
A: deformed body, mutation resistance 1
a: Stop Divine Energy, Channel Magic, Forget Spell, Renounce Religion


You were in the Dungeon.
You worshipped Sif Muna.
Sif Muna was extremely pleased with you.
You were not hungry.

You visited 1 branch You collected 4649 gold pieces.
You spent 120 gold pieces at shops.

Inventory:

Hand Weapons
 k - a +0 dagger (weapon)
 n - a +0 long sword of holy wrath
Armour
 a - a +0 robe
 e - a +2 robe of positive energy
 m - a +1 hat (worn)
 z - a +2 robe of the Archmagi (worn)
Scrolls
 p - a scroll of immolation {unknown}
 q - 2 scrolls of identify {unknown}
 r - 4 scrolls of remove curse
 v - a scroll of torment {unknown}
Potions
 g - a potion of magic
 o - a potion of mutation
 t - 3 potions of cure mutation
 u - 3 potions of flight
Books
 b - a book of Frost

   Spells                             Type                      Level
   a - Freeze                         Ice                          1
   b - Throw Frost                    Conjuration/Ice              2
   c - Ozocubu's Armour               Charms/Ice                   3
   d - Throw Icicle                   Conjuration/Ice              4
   e - Summon Ice Beast               Ice/Summoning                4
 h - a book of Misfortune

   Spells                             Type                      Level
   a - Confusing Touch                Hexes                        1
   b - Confuse                        Hexes                        3
   c - Gell's Gravitas                Hexes/Translocation          3
   d - Petrify                        Transmutation/Earth          4
   e - Metabolic Englaciation         Hexes/Ice                    5
   f - Yara's Violent Unravelling     Hexes/Transmutation          5
 j - a book of Cantrips

   Spells                             Type                      Level
   a - Confusing Touch                Hexes                        1
   b - Animate Skeleton               Necromancy                   1
   c - Summon Small Mammal            Summoning                    1
   d - Apportation                    Translocation                1
 x - Sif Muna's Collected Works on the Frostbite
   (Sif Muna gifted it to you in the Dungeon)

   Spells                             Type                      Level
   a - Freeze                         Ice                          1
   b - Throw Frost                    Conjuration/Ice              2
   c - Ozocubu's Armour               Charms/Ice                   3
   d - Bolt of Cold                   Conjuration/Ice              6
   e - Simulacrum                     Ice/Necromancy               6
 y - Diric's Volume of Ice
   (Sif Muna gifted it to you in the Dungeon)

   Spells                             Type                      Level
   a - Throw Frost                    Conjuration/Ice              2
   b - Ozocubu's Armour               Charms/Ice                   3
   c - Ice Form                       Ice/Transmutation            4
   d - Metabolic Englaciation         Hexes/Ice                    5
   e - Freezing Cloud                 Conjuration/Ice/Air          6
   f - Simulacrum                     Ice/Necromancy               6
   g - Ozocubu's Refrigeration        Ice                          6
Comestibles
 c - a bread ration
 i - a royal jelly
 l - 9 chunks of flesh
 s - a meat ration
 w - 2 fruits


   Skills:
 + Level 5.0 Dodging
 + Level 6.5 Stealth
 * Level 17.0 Spellcasting
 + Level 4.9 Conjurations
 + Level 2.0 Charms
 + Level 5.4 Summonings
 * Level 15.0 Ice Magic


You had 8 spell levels left.
You knew the following spells:

 Your Spells              Type           Power        Failure   Level  Hunger
a - Freeze                Ice            ####         0%          1    None
b - Throw Frost           Conj/Ice       ######       1%          2    None
c - Ozocubu's Armour      Chrm/Ice       #######.     1%          3    None
d - Throw Icicle          Conj/Ice       #######.     1%          4    None
e - Summon Ice Beast      Ice/Summ       #######.     1%          4    None
f - Bolt of Cold          Conj/Ice       #######...   10%         6    ####...
g - Metabolic Englaciati  Hex/Ice        ######....   3%          5    None
h - Confuse               Hex            ####....     10%         3    None
i - Freezing Cloud        Conj/Ice/Air   ######....   30%         6    ####...


Dungeon Overview and Level Annotations

Branches:
Dungeon (1/1)

Altars:
Dithmenos
Elyvilon
Fedhas
Kikubaaqudgha
Okawaru
Qazlal
Ru
Sif Muna
Trog
Uskayaw
Vehumet
Yredelemnul
Zin
The Shining One
Beogh

Shops:
D [


Innate Abilities, Weirdness & Mutations

Armour fits poorly on your strangely shaped body.
You are somewhat resistant to further mutation.


Message History

Aiming: Freezing Cloud
Press: ? - help, Dir - move target cursor You feel a surge of power!
Sif Muna grants you divine energy.
You briefly lose access to your magic!
Something hits you!
* * * LOW HITPOINT WARNING * * *
You are unable to access your magic!
Drop what? 25/52 slots (_ for help) (? for menu, Esc to quit)
Okay, then.
Unknown command.
You feel better. Something hits you!
* * * LOW HITPOINT WARNING * * *
Okay, then.
Unknown command.
Unknown command.
Unknown command.
It was a potion of mutation.
You feel extremely strange.
Your body twists and deforms.
You feel genetically stable. Magic courses through your body.
Something hits you.
You die...

#.###.# .#.∩..+
.....## ......#
....#.# ....###
.....#
##################
≈§§#()...'.#Y#.#@+
§#§#(#...##.#.#{##
§#.#.#...#.#.#§#.#
§#...#...##.#§#.##
▓▓▓▓▓▓▓▓▓#.#§#.#.#
##.#.#.## +.#.#
#.# ##.# ## #+


There were no monsters in sight!

Vanquished Creatures
  Erica (D)
  A deep elf mage (D)
  A shadow (D)
  A spatial vortex (D)
  2 orc warriors (D)
  A necrophage (D)
  An earth elemental (D)
  A water elemental (D)
  A jelly (D)
  A wizard (D)
  Jessica (D)
  2 orc wizards (D)
  A human (D)
  A kobold demonologist (D)
  2 oozes (D)
  A phantom (D)
  11 orcs (D)
30 creatures vanquished.

Vanquished Creatures (collateral kills)
  A centaur warrior (D)
  An orc knight (D)
  2 humans (D)
  2 centaurs (D)
  An orc priest (D)
  An orc wizard (D)
  A necromancer (D)
9 creatures vanquished.

Vanquished Creatures (others)
  2 draconian scorchers (D)
  3 yaktaurs (D)
  6 hellions (D)
  A plant (D)
12 creatures vanquished.

Grand Total: 51 creatures vanquished

Notes
Turn   | Place    | Note
-------+----------+-------------------------------------------
     0 | D        | Blackmore the Deep Elf Ice Elementalist began the quest for the Orb.
     0 | D        | Reached XP level 1. HP: 10/10 MP: 6/6
     8 | D        | Reached skill level 5 in Ice Magic
     8 | D        | Reached XP level 2. HP: 10/15 MP: 1/8
    12 | D        | Learned a level 2 spell: Throw Frost
    62 | D        | Killed a yaktaur
    96 | D        | Noticed Jessica
   101 | D        | Killed Jessica
   101 | D        | Reached skill level 5 in Spellcasting
   101 | D        | Reached XP level 3. HP: 19/19 MP: 6/11
   104 | D        | Killed a hellion
   105 | D        | Killed a hellion
   106 | D        | Learned a level 3 spell: Ozocubu's Armour
   106 | D        | Killed a hellion
   120 | D        | Killed a hellion
   125 | D        | Killed a hellion
   169 | D        | Killed a white draconian scorcher
   172 | D        | Killed a hellion
   190 | D        | Killed a white draconian scorcher
   266 | D        | Noticed a water elemental
   272 | D        | Killed a water elemental
   272 | D        | Reached skill level 7 in Spellcasting
   272 | D        | Reached XP level 4. HP: 24/24 MP: 11/15
   282 | D        | Learned a level 4 spell: Throw Icicle
   287 | D        | Learned a level 4 spell: Summon Ice Beast
   315 | D        | Found a radiant altar of Vehumet.
   316 | D        | Found a deep blue altar of Sif Muna.
   316 | D        | Found an ancient bone altar of Kikubaaqudgha.
   316 | D        | Noticed a wizard
   318 | D        | Killed a wizard
   318 | D        | Reached XP level 5. HP: 28/28 MP: 11/17
   319 | D        | Reached skill level 8 in Spellcasting
   319 | D        | Reached skill level 1 in Charms
   326 | D        | Became a worshipper of Sif Muna the Loreminder
   448 | D        | Found a hide-covered altar of Uskayaw.
   448 | D        | Found an iron altar of Okawaru.
   449 | D        | Found a roughly hewn altar of Beogh.
   449 | D        | Found a bloodstained altar of Trog.
   449 | D        | Noticed a human
   449 | D        | Noticed a human
   463 | D        | Killed a human
   463 | D        | Reached skill level 9 in Spellcasting
   463 | D        | Reached skill level 1 in Summonings
   465 | D        | Killed a human
   465 | D        | Reached * piety under Sif Muna
   465 | D        | Reached skill level 10 in Spellcasting
   465 | D        | Reached skill level 10 in Ice Magic
   465 | D        | Reached XP level 6. HP: 29/32 MP: 7/21
   543 | D        | Found a shadowy altar of Dithmenos.
   544 | D        | Found a basalt altar of Yredelemnul.
   544 | D        | Found a sacrificial altar of Ru.
   547 | D        | Reached ** piety under Sif Muna
   547 | D        | Reached skill level 5 in Stealth
   555 | D        | Reached skill level 11 in Spellcasting
   644 | D        | Found a glowing silver altar of Zin.
   645 | D        | Found a glowing golden altar of the Shining One.
   645 | D        | Found a white marble altar of Elyvilon.
   645 | D        | Noticed a deep elf mage
   648 | D        | Noticed a tarantella
   648 | D        | Noticed a redback
   648 | D        | Killed a deep elf mage
   648 | D        | Reached *** piety under Sif Muna
   648 | D        | Reached skill level 13 in Spellcasting
   648 | D        | Reached XP level 7. HP: 36/36 MP: 13/25
   718 | D        | Noticed a shadow
   721 | D        | Reached **** piety under Sif Muna
   764 | D        | Killed a shadow
   903 | D        | Noticed Erica
   913 | D        | Killed Erica
   913 | D        | Reached ***** piety under Sif Muna
   913 | D        | Identified Sif Muna's Collected Works on the Frostbite (Sif Muna gifted it to you in the Dungeon)
   913 | D        | Received a gift from Sif Muna
   913 | D        | Reached skill level 15 in Spellcasting
   913 | D        | Reached XP level 8. HP: 41/41 MP: 10/29
   937 | D        | Learned a level 6 spell: Bolt of Cold
  1003 | D        | Noticed an orc knight
  1148 | D        | Killed an orc knight
  1148 | D        | Reached skill level 5 in Dodging
  1148 | D        | Reached skill level 5 in Summonings
  1227 | D        | Identified Diric's Volume of Ice (Sif Muna gifted it to you in the Dungeon)
  1227 | D        | Received a gift from Sif Muna
  1237 | D        | Learned a level 5 spell: Metabolic Englaciation
  1241 | D        | Learned a level 3 spell: Confuse
  1248 | D        | Learned a level 6 spell: Freezing Cloud
  1310 | D        | Found a blossoming altar of Fedhas.
  1311 | D        | Found a stormy altar of Qazlal.
  1326 | D        | Reached XP level 9. HP: 45/45 MP: 15/30
  1352 | D        | Reached skill level 16 in Spellcasting
  1445 | D        | Killed a yaktaur
  1453 | D        | Found Xakicaano's Antique Armour Shop.
  1482 | D        | Bought a runed robe for 120 gold pieces
  1551 | D        | Killed a yaktaur
  1633 | D        | Noticed a centaur warrior
  1636 | D        | Killed a centaur warrior
  1636 | D        | Reached skill level 17 in Spellcasting
  1637 | D        | Reached skill level 15 in Ice Magic
  1732 | D        | Gained mutation: Armour fits poorly on your strangely shaped body. [potion of mutation]
  1732 | D        | Gained mutation: You are somewhat resistant to further mutation. [potion of mutation]
  1733 | D        | Slain by an unseen horror

Vault maps used:
D:        dungeon_sprint_mu

Skill      XL: |  1  2  3  4  5  6  7  8  9 |
---------------+----------------------------+-----
Ice Magic      | 5 6 8 10 12 13 14 15 | 15.0
Dodging        | 3 4 5 |  5.0
Stealth        | 3 4 6 |  6.5
Spellcasting   | 5 7 10 13 15 17 | 17.0
Charms         | 1 2 |  2.0
Summonings     | 1 3 4 5 |  5.4
Conjurations   | 2 3 4 |  4.9

Action                   |  1- 3 |  4- 6 |  7- 9 || total
-------------------------+-------+-------+-------++-------
Melee: Unarmed           |     5 |       |       ||     5
       Dagger            |       |     1 |       ||     1
       Long sword        |       |       |     3 ||     3
 Cast: Freeze            |    10 |     1 |     2 ||    13
       Throw Frost       |     4 |       |    16 ||    20
       Ozocubu's Armour  |     1 |       |       ||     1
       Throw Icicle      |       |     6 |    22 ||    28
       Summon Ice Beast  |       |     5 |    12 ||    17
       Freezing Cloud    |       |       |     4 ||     4
Invok: Divine Energy     |       |       |     1 ||     1
  Use: Potion            |     1 |     1 |     5 ||     7
       Scroll            |       |       |     1 ||     1
 Stab: Sleeping          |     1 |     1 |       ||     2
  Eat: Chunk             |       |       |     4 ||     4
Armor: Robe              |     1 |     2 |     2 ||     5
Dodge: Dodged            |     6 |     1 |     4 ||    11
